 Dungeon Crawl Stone Soup version 0.30-a0-6-g7c9e10e132 (webtiles) character file.

Game seed: 13122398514313600259

403 drpainis the Sneak (level 6, -6/30 HPs)
             Began as a Spriggan Enchanter on Aug 22, 2022.
             Was a Priest of Lugonu.
             Killed from afar by a white imp (10 damage)
             ... with a puff of frost
             ... on level 4 of the Dungeon.
             The game lasted 00:16:22 (8115 turns).

drpainis the Sneak (Spriggan Enchanter)             Turns: 8115, Time: 00:16:22

Health: -6/30      AC:  2    Str:  4    XL:     6   Next: 55%
Magic:  2/13       EV: 18    Int: 18    God:    Lugonu [***...]
Gold:   166        SH:  0    Dex: 16    Spells: 2/13 levels left

rFire   + . .      SeeInvis +    l - +1 dagger (speed)
rCold   x . .      Faith    .    (no shield)
rNeg    . . .      Spirit   .    b - +0 robe
rPois   .          Reflect  .    (helmet restricted)
rElec   .          Harm     .    (no cloak)
rCorr   .          Rampage  .    (gloves unavailable)
Will    +....                    (boots unavailable)
Stlth   +++.......               (no amulet)
HPRegen 0.10/turn                g - ring of fire
MPRegen 0.13/turn                (no ring)

@: very quick
A: very small, no large weapons, unfitting armour, see invisible, speed 3
a: Renounce Religion, Depart the Abyss, Bend Space, Banish


You were on level 4 of the Dungeon.
You worshipped Lugonu.
Lugonu was most pleased with you.
You visited 1 branch of the dungeon, and saw 4 of its levels.

You collected 166 gold pieces.

Inventory:

Hand Weapons
 a - a +1 dagger
 d - a +2 vampiric short sword
 k - a +0 sling of flaming
 l - a +1 dagger of speed (weapon)
Armour
 b - a +0 robe (worn)
Jewellery
 g - a ring of fire (left hand)
Wands
 q - a wand of flame (23)
Scrolls
 f - 6 scrolls of identify {unknown}
 i - 2 scrolls of blinking {unknown}
 j - a scroll of vulnerability {unknown}
 n - a scroll of enchant weapon {unknown}
 p - a scroll of immolation {unknown}
 r - 2 scrolls of amnesia {unknown}
Potions
 c - 2 potions of invisibility
 e - 3 potions of lignification {unknown}
 h - 2 potions of flight {unknown}
 m - 2 potions of heal wounds {unknown}
 o - a potion of curing {unknown}
 s - a potion of mutation {unknown}


   Skills:
 + Level 1.5 Fighting
 + Level 2.8 Short Blades
 + Level 3.3 Dodging
 + Level 6.6 Stealth
 + Level 4.3 Spellcasting
 + Level 5.1 Hexes
 + Level 1.2 Ice Magic
 + Level 0.3 Invocations


You had 2 spell levels left.
You knew the following spells:

 Your Spells              Type           Power      Damage    Failure   Level
a - Ensorcelled Hibernat  Hex/Ice        30%        N/A       6%          2
b - Confusing Touch       Hex            22%        N/A       4%          3
c - Tukima's Dance        Hex            22%        N/A       4%          3
d - Dazzling Flash        Conj/Hex       26%        N/A       16%         3

Your spell library contained the following spells:

 Spells                   Type           Power      Damage    Failure   Level
 Necrotise                Necr           12%        1d4       14%         1
 Blink                    Tloc           6%         N/A       22%         2
 Sublimation of Blood     Necr           3%         N/A       22%         2
 Gell's Gravitas          Tloc           3%         N/A       41%         3
 Lesser Beckoning         Tloc           3%         N/A       41%         3
 Teleport Other           Tloc           3%         N/A       41%         3
 Vampiric Draining        Necr           3%         2d6       41%         3
 Petrify                  Tmut/Erth      3%         N/A       82%         4
 Agony                    Necr           3%         N/A       99%         5
 Irradiate                Conj/Tmut      1%         3d12      99%         5
 Manifold Assault         Tloc           3%         N/A       99%         5


Dungeon Overview and Level Annotations

Branches:
Dungeon (4/15)
 Temple: D:4-7

Altars:
Elyvilon
Hepliaklqana
Qazlal
Zin
Lugonu


Innate Abilities, Weirdness & Mutations

You are very small and have problems with some larger weapons.
You are too small for most types of armour.
You have supernaturally acute eyesight. (SInv)
You cover ground extremely quickly. (Speed+++)


Message History

Casting: Ensorcelled Hibernation (safe; 6% risk of failure)
Confirm with . or Enter, or press ? or * to list all spells.
Aiming: Ensorcelled Hibernation (safe; 6% risk of failure)
Press: ? - help, Shift-Dir - straight line, f/p - endoplasm
Aim: an endoplasm (moderately wounded, chance to affect: 66%)
The endoplasm looks drowsy...
The white imp seems less confused.
The white imp gestures at you. The puff of frost misses you.
Your magical contamination has completely faded away.
The white imp misses you.
The endoplasm quivers.
You hit the endoplasm.
The endoplasm is heavily wounded.
You hit the endoplasm.
The endoplasm is almost dead.
The endoplasm hits you. The white imp gestures at you.
The puff of frost hits you.
You feel a terrible chill!
You hit the endoplasm.
You kill the endoplasm!
Lugonu accepts your kill. The white imp misses you.
You closely miss the white imp.
The white imp is heavily wounded.
Casting: Ensorcelled Hibernation (safe; 6% risk of failure)
Confirm with . or Enter, or press ? or * to list all spells.
You don't have enough magic to cast this spell.
You hit the white imp but do no damage.
The white imp is heavily wounded.
The white imp hits you.
* * * LOW HITPOINT WARNING * * *
The white imp freezes you.
You feel a terrible chill!
* * * LOW HITPOINT WARNING * * *
You barely miss the white imp.
The white imp is heavily wounded.
You hit the white imp.
The white imp is severely wounded.
The white imp gestures at you. The puff of frost hits you!
You feel a terrible chill!
You die...

................... ...#
.........#...## # .
...##.........#....# .# .[
.......##........... .#...
.......##........#.#......
.......# ........#.#......
.......####.#....#...##
#.........#......5.†..#
........(.......@.###.#
.##.........##...........
...........# #............
..........####.........##.
..........##...........##
#....#.>..#..............
.....#.......###......#.
.....
.....###..#..###.....##
.....
#....##..###..#......#
.....###


You could see a white imp.

Vanquished Creatures
  A necrophage (D:3)
  A scorpion (D:4)
  An iguana (D:4)
  Natasha (thrice) (D:3)
  Robin (D:2)
  5 gnolls
  2 adders
  2 worms (D:2)
  8 orcs
  6 ball pythons
  2 bats
  5 endoplasms
  4 giant cockroaches
  14 goblins
  10 hobgoblins
  3 jackals (D:2)
  2 quokkas
  A frilled lizard (D:1)
  9 kobolds
  7 rats
87 creatures vanquished.

Vanquished Creatures (collateral kills)
  An orc (D:3)
  A kobold (D:2)
2 creatures vanquished.

Vanquished Creatures (others)
  A dancing weapon (D:3)
  9 plants (D:3)
10 creatures vanquished.

Grand Total: 99 creatures vanquished

Notes
Turn   | Place    | Note
-------+----------+-------------------------------------------
     0 | D:1      | drpainis the Spriggan Enchanter began the quest for the
                  | Orb.
     0 | D:1      | Reached XP level 1. HP: 9/9 MP: 5/5
   326 | D:1      | Reached XP level 2. HP: 4/13 MP: 7/7
   326 | D:1      | Found a faded altar of an unknown god.
   549 | D:1      | Prayed at the altar of an unknown god.
   549 | D:1      | Became a worshipper of Lugonu the Unformed
   549 | D:1      | Reached * piety under Lugonu
   549 | D:1      | Reached ** piety under Lugonu
  1195 | D:1      | Learned a level 2 spell: Ensorcelled Hibernation
  1864 | D:1      | Reached XP level 3. HP: 14/16 MP: 5/8
  2001 | D:1      | Learned a level 3 spell: Confusing Touch
  2005 | D:1      | Learned a level 3 spell: Tukima's Dance
  3166 | D:2      | Reached skill level 5 in Stealth
  3557 | D:2      | Noticed Robin
  3609 | D:2      | Found a white marble altar of Elyvilon.
  3778 | D:2      | Killed Robin
  3779 | D:2      | Reached XP level 4. HP: 21/21 MP: 7/10
  3789 | D:2      | Reached *** piety under Lugonu
  5013 | D:3      | Found a hazy altar of Hepliaklqana.
  5353 | D:3      | Reached skill level 1 in Fighting
  5637 | D:3      | Noticed Natasha
  5643 | D:3      | Killed Natasha
  5644 | D:3      | Reached XP level 5. HP: 25/25 MP: 11/11
  5648 | D:3      | Learned a level 3 spell: Dazzling Flash
  5737 | D:3      | Noticed Natasha
  5757 | D:3      | Killed Natasha
  6200 | D:3      | Reached skill level 6 in Stealth
  6200 | D:3      | Reached skill level 1 in Ice Magic
  6200 | D:3      | Reached XP level 6. HP: 9/30 MP: 8/13
  6823 | D:3      | Noticed Natasha
  6833 | D:3      | Killed Natasha
  6834 | D:3      | Reached skill level 5 in Hexes
  7226 | D:3      | Found a glowing silver altar of Zin.
  7256 | D:4      | Found a stormy altar of Qazlal.
  8115 | D:4      | Killed from afar by a white imp

Illustrated notes

Levels and vault maps discovered:
D:1:      lemuel_arrival_behind_the_door_small, layout_basic,
          shapermc_ecumenical_altar_notcrosses, feat_on_display
D:2:      wad_pebble_path, layout_rooms, basic_altar, uniq_robin
D:3:      layout_basic, lemuel_tele_altar, nicolae_hepliaklqana_hazy_memory,
          uniq_natasha
D:4:      layout_cave_pools, overflow_temple_1_default,
          chequers_serial_rivers_micro_c

Skill      XL: |  1  2  3  4  5  6 |
---------------+-------------------+-----
Spellcasting   | 3 4 |  4.3
Hexes          | 4 5 |  5.1
Stealth        | 5 6 |  6.6
Dodging        | 3 |  3.3
Short Blades   | 2 |  2.8
Fighting       | 1 |  1.5
Ice Magic      | 1 |  1.2
Invocations    | |  0.3

Action                   |  1- 3 |  4- 6 || total
-------------------------+-------+-------++-------
Melee: Short sword       |    98 |       ||    98
       Dagger            |     6 |   221 ||   227
       Punch             |       |     4 ||     4
 Cast: Ensorcelled Hiber |    11 |    29 ||    40
       Tukima's Dance    |     1 |     4 ||     5
       Confusing Touch   |     1 |     4 ||     5
Invok: Bend Space        |       |     4 ||     4
 Stab: Sleeping          |    11 |    20 ||    31
       Distracted        |     2 |       ||     2
       Confused          |       |     3 ||     3
Armor: Robe              |     6 |     4 ||    10
Dodge: Dodged            |    78 |   124 ||   202

Table legend: (Time is in decaauts)
 A = Elapsed time spent in this place.
 B = Non-inter-level travel time spent in this place.
 C = Inter-level travel time spent in this place.
 D = Time resting spent in this place.
 E = Time spent auto-exploring this place.
 F = Levels seen in this place.
 G = Mean time per level.
                   A        B        C        D        E       F      G
               +--------+--------+--------+--------+--------+-----+--------+
         Total |   7117 |   7088 |     29 |   5143 |   1056 |   4 | 1779.2 |
       Dungeon |   7117 |   7088 |     29 |   5143 |   1056 |   4 | 1779.2 |
               +--------+--------+--------+--------+--------+-----+--------+

Top non-repeatable levels by time:
     D:1: 2570 daAuts
     D:2: 1900 daAuts
     D:3: 1895 daAuts
     D:4: 751 daAuts
